 Dungeon Crawl Stone Soup version 0.18.1-48-g4cf74bf (webtiles) character file.

59 PossumBlood the Magician (level 3, 0/19 HPs)
             Began as a Deep Elf Air Elementalist on Aug 25, 2016.
             Succumbed to an adder's poison
             ... on level 2 of the Dungeon.
             The game lasted 00:03:41 (1528 turns).

PossumBlood the Magician (DEAE)                     Turns: 1528, Time: 00:03:42

Health: 0/19       AC:  2    Str:  5    XL:     3   Next: 78%
Magic:  1/10       EV: 13    Int: 20    God:
Gold:   52         SH:  0    Dex: 15    Spells: 4 memorised, 2 levels left

rFire  . . .     SeeInvis .     (no weapon)
rCold  . . .     Gourm    .     a - +0 robe
rNeg   . . .     Faith    .     (no shield)
rPois  +         Spirit   .     (no helmet)
rElec  .         Dismiss  .     (no cloak)
rCorr  .         Reflect  .     (no gloves)
SustAt .         Harm     .     (no boots)
MR     .....                    (no amulet)
Stlth  ++........               (no ring)
                                e - ring of poison resistance

@: lethally poisoned (0 -> -4), very slightly contaminated, repel missiles, not
resistant to hostile enchantments, unstealthy
A: no striking features
a: no special abilities


You were on level 2 of the Dungeon.
You were not hungry.

You visited 1 branch of the dungeon, and saw 2 of its levels.

You collected 52 gold pieces.

Inventory:

Armour
 a - a +0 robe (worn)
Jewellery
 e - a ring of poison resistance (left hand)
Scrolls
 c - a scroll of fear {unknown}
 d - a scroll of identify
 i - 2 scrolls of random uselessness
Potions
 f - a potion of curing
 h - a potion of flight {unknown}
Books
 b - a book of Air

   Spells                             Type                      Level
   a - Shock                          Conjuration/Air              1
   b - Swiftness                      Charms/Air                   2
   c - Repel Missiles                 Charms/Air                   2
   d - Static Discharge               Conjuration/Air              3
   e - Lightning Bolt                 Conjuration/Air              5
Comestibles
 g - 2 meat rations
 j - 2 fruits


   Skills:
 - Level 2.4 Dodging
 - Level 2.4 Stealth
 + Level 4.1 Spellcasting
 + Level 2.5 Conjurations
 + Level 3.6 Air Magic


You had 2 spell levels left.
You knew the following spells:

 Your Spells              Type           Power        Failure   Level  Hunger
a - Shock                 Conj/Air       ###.         3%          1    None
b - Repel Missiles        Chrm/Air       ##....       12%         2    #......
c - Swiftness             Chrm/Air       ##......     12%         2    #......
d - Static Discharge      Conj/Air       ###.....     12%         3    ###....


Dungeon Overview and Level Annotations

Branches:
Dungeon (2/15)

Altars:
Zin


Message History

The adder bites you.
You are poisoned.
The adder poisons you!
The rat twitches its whiskers.
Casting: Shock
Confirm with . or Enter, or press ? or * to list all spells.
Aiming: Shock
Press: ? - help, Shift-Dir - straight line, f/p - adder
Aim: an adder (heavily wounded)
The zap hits the adder.
The adder is severely wounded.
You feel sick. The adder bites you.
* * * LOW HITPOINT WARNING * * *
The rat closely misses you.
A rat comes into view.
* * * LOW HITPOINT WARNING * * *
You feel sick. The adder completely misses you. The adder closely misses you.
Found a puce potion.
The adder closely misses you.
You die...

#..# ##.#...#..
######..#####
##...##.#
#............#
##..##.#
#.####.†####.#
#..##.. #.# #..#
#####†..... #.#
#..## #.....###..
#.# #..r#
#.######... #.#
#...# ##.. #.#
##.@# ##. #.# #..#
#. #.# #SS###.# #.
#.#####.r>...#
...####.
###.(..........#
........
#............w....
...#####
#†#######......#..
#.# #........! #.#
#.##.###..


You could see 2 adders and 2 rats.

Vanquished Creatures
  3 adders (D:2)
  3 giant geckos
  2 giant cockroaches
  3 goblins (D:1)
  3 hobgoblins
  5 kobolds (D:1)
  2 ball pythons (D:2)
  A bat (D:1)
  2 giant newts
  7 rats
31 creatures vanquished.

Notes
Turn   | Place    | Note
--------------------------------------------------------------
     0 | D:1      | PossumBlood the Deep Elf Air Elementalist began the quest for the Orb.
     0 | D:1      | Reached XP level 1. HP: 10/10 MP: 6/6
   118 | D:1      | Reached XP level 2. HP: 15/15 MP: 2/8
   858 | D:2      | Found a glowing silver altar of Zin.
   899 | D:2      | Reached XP level 3. HP: 9/19 MP: 0/10
  1121 | D:2      | Learned a level 2 spell: Repel Missiles
  1124 | D:2      | Learned a level 2 spell: Swiftness
  1128 | D:2      | Learned a level 3 spell: Static Discharge
  1362 | D:2      | Reached skill level 4 in Spellcasting
  1528 | D:2      | Succumbed to an adder's poison

Skill      XL: |  1  2  3 |
---------------+----------+-----
Conjurations   | 2 |  2.5
Spellcasting   | 4 |  4.1
Dodging        | |  2.4
Stealth        | |  2.4
Air Magic      | |  3.6

Action                   || total
-------------------------++-------
 Cast: Shock             ||    65
       Repel Missiles    ||     1
       Swiftness         ||     1
  Use: Scroll            ||     5
  Eat: Bread ration      ||     1
Armor: Robe              ||     2
Dodge: Dodged            ||    15
